 Dungeon Crawl Stone Soup version 0.21-a0-538-gd16b88a (webtiles) character file.

1915 tidbits the Magician (level 9, -2/65 HPs)
             Began as a Gnoll Earth Elementalist on Dec 15, 2017.
             Was a Priest of Cheibriados.
             Slain by a yak (3 damage)
             ... on level 10 of the Dungeon.
             The game lasted 00:19:32 (1808 turns).

tidbits the Magician (Gnoll Earth Elementalist)     Turns: 1808, Time: 00:19:32

Health: -2/65      AC:  2    Str: 19    XL:     9   Next: 16%
Magic:  0/18       EV: 17    Int: 35    God:    Cheibriados [***...]
Gold:   121        SH:  0    Dex: 23    Spells: 5/20 levels left

rFire    + . .     SeeInvis .   t - +5 halberd
rCold    + . .     Gourm    .   (shield currently unavailable)
rNeg     . . .     Faith    .   B - +0 robe {rC+ rF+}
rPois    .         Spirit   +   (no helmet)
rElec    .         Reflect  .   (no cloak)
rCorr    .         Harm     .   (no gloves)
MR       .....                  (no boots)
Stlth    ++++......             z - amulet of guardian spirit
HPRegen  0.20/turn              k - +4 ring of intelligence
MPRegen  0.16/turn              (no ring)

@: very slow
A: distributed training, fangs 1, blink, blurry vision 1, clever 1, strong nose
a: Blink, Bend Time, Temporal Distortion, Renounce Religion


You were on level 10 of the Dungeon.
You worshipped Cheibriados.
Cheibriados was most pleased with you.
You were very full.

You visited 1 branch of the dungeon, and saw 10 of its levels.

You collected 224 gold pieces.
You spent 103 gold pieces at shops.

Inventory:

Hand Weapons
 a - a +0 falchion
 d - a +0 dagger
 g - a +0 blowgun
 o - a +0 rapier
 p - a +2 rapier of distortion
   (You took it off Eustachio on level 4 of the Dungeon)
 s - a +0 morningstar
 t - a +5 halberd (weapon)
 u - a +2 scimitar
 v - a +0 shortbow
Missiles
 b - 2 curare-tipped needles
 h - 41 arrows
 q - 27 stones (quivered)
Armour
 e - a +0 robe
 B - a +0 robe of resistance (worn)
   (You took it off Jessica on level 2 of the Dungeon)
Jewellery
 k - a +4 ring of intelligence (left hand)
   (You found it on level 3 of the Dungeon)
 w - an uncursed amulet of rage
   (You found it on level 7 of the Dungeon)
 z - an amulet of guardian spirit (around neck)
   (You found it on level 10 of the Dungeon)
Scrolls
 f - 2 scrolls of immolation
 i - 2 scrolls of teleportation
 r - a scroll of remove curse
 x - a scroll of identify
 y - a scroll of enchant armour {unknown}
Potions
 l - a potion of ambrosia
Books
 c - a book of Geomancy

   Spells                             Type                      Level
   a - Sandblast                      Earth                        1
   b - Passwall                       Transmutation/Earth          2
   c - Stone Arrow                    Conjuration/Earth            3
   d - Petrify                        Transmutation/Earth          4
   e - Lee's Rapid Deconstruction     Earth                        5
Comestibles
 j - a royal jelly
 m - 5 meat rations
 n - 4 bread rations


   Skills:
 + Level 3.9 Fighting
 + Level 3.9 Short Blades
 + Level 3.9 Long Blades
 + Level 3.9 Axes
 + Level 3.9 Maces & Flails
 + Level 3.9 Polearms
 + Level 3.9 Staves
 + Level 3.9 Slings
 + Level 3.9 Bows
 + Level 3.9 Crossbows
 + Level 3.9 Throwing
 + Level 3.9 Armour
 + Level 6.1 Dodging
 + Level 5.8 Stealth
 + Level 3.9 Shields
 + Level 3.9 Unarmed Combat
 + Level 6.4 Spellcasting
 + Level 3.2 Conjurations
 + Level 3.2 Hexes
 + Level 3.2 Charms
 + Level 3.2 Summonings
 + Level 3.2 Necromancy
 + Level 3.2 Translocations
 + Level 3.9 Transmutations
 + Level 3.2 Fire Magic
 + Level 3.2 Ice Magic
 + Level 3.2 Air Magic
 + Level 6.4 Earth Magic
 + Level 3.2 Poison Magic
 + Level 4.3 Invocations
 + Level 3.9 Evocations


You had 5 spell levels left.
You knew the following spells:

 Your Spells              Type           Power        Failure   Level  Hunger
a - Sandblast             Erth           ######       1%          1    None
p - Petrify               Tmut/Erth      #####...     4%          4    ##.....
t - Stone Arrow           Conj/Erth      #####.       1%          3    None
w - Passwall              Tmut/Erth      #####.....   1%          2    None
D - Lee's Rapid Deconstr  Erth           ######....   7%          5    ####...


Dungeon Overview and Level Annotations

Branches:
Dungeon (10/15)            Temple (0/1) D:7
   Lair: D:8-11         Orc: D:9-12

Altars:
Cheibriados
Elyvilon
Nemelex Xobeh
Trog

Shops:
D:4 *   D:10 *


Innate Abilities, Weirdness & Mutations

Your experience applies equally to all skills.
You have very sharp teeth.
Your uncanny sense of smell can sniff out nearby items.
You can translocate small distances at will.
Scrolls take you a little longer to read.
Your mind is acute. (Int +2)


Message History

You miss the jackal. Your bite misses the jackal.
The jackal closely misses you. The jackal completely misses you.
You closely miss the jackal. The jackal completely misses you. x2
You barely miss the jackal. The jackal bites you.
The jackal closely misses you.
You puncture the jackal!
You kill the jackal!
Cheibriados thoroughly appreciates the change of pace.
The jackal misses you.
You barely miss the jackal. The jackal barely misses you.
You puncture the jackal!
You kill the jackal!
Cheibriados thoroughly appreciates the change of pace.
No target in view!
Things that are here:
a jackal corpse x2
Found a stone staircase leading up.
A yak comes into view. x2
A yak comes into view.
The yak moves out of view.
A yak comes into view.
The yak bellows!
You hear a shout!
The yak bellows!
A crimson imp comes into view.
Unknown command.
You can't unwield your weapon to draw a new one!
There are no items here.
Really read with blurry vision while enemies are nearby? [Y]es or [N]o only, please.
Really read with blurry vision while enemies are nearby? [Y]es or [N]o only, please.
Really read with blurry vision while enemies are nearby? [Y]es or [N]o only, please.
Really read with blurry vision while enemies are nearby?
Okay, then.
Unknown command.
Really read with blurry vision while enemies are nearby?
You begin reading the scroll.
You continue reading the scroll.
The yak bellows!
You hear an angry growl.
The crimson imp blinks!
As you read the scroll of remove curse, it crumbles to dust.
You feel as if something is helping you.
Adjust (i)tems, (s)pells, or (a)bilities?
Adjust which item? (? for menu, Esc to quit)
i - a scroll of remove curse Adjust to which letter? (? for menu, Esc to quit)
r - a scroll of remove curse;
i - 2 scrolls of teleportation None of your equipped items are cursed.
Casting: Sandblast
Confirm with . or Enter, or press ? or * to list all spells.
You don't know that spell.
Casting: Sandblast
Confirm with . or Enter, or press ? or * to list all spells.
Aiming: Lee's Rapid Deconstruction
Press: ? - help, Dir - move target cursor The wall shatters!
The blast of rock fragments hits the yak.
The yak is heavily wounded.
The blast of rock fragments hits the yak.
The yak is severely wounded.
The blast of rock fragments hits the yak.
The yak is heavily wounded.
The blast of rock fragments hits the yak.
The yak is heavily wounded.
The yak gores you.
Unknown command.
Casting: Lee's Rapid Deconstruction
Confirm with . or Enter, or press ? or * to list all spells.
You don't have enough magic to cast that spell.
Unknown command.
Okay, then.
Unknown command.
You closely miss the yak.
The yak is heavily wounded.
The yak barely misses you. The yak completely misses you.
A black bear comes into view.
You completely miss the yak.
The yak is heavily wounded.
The yak gores you!
You don't have enough magic at the moment.
You hit the yak. You bite the yak, but do no damage.
The yak is heavily wounded.
The yak closely misses you. The yak gores you.
The crimson imp closely misses you. The yak misses you.
You slice the yak!!
You kill the yak!
Cheibriados thoroughly appreciates the change of pace.
The crimson imp blinks!
You hit the yak.
The yak is severely wounded.
The yak gores you!
* * * LOW HITPOINT WARNING * * *
The yak closely misses you.
You puncture the yak! You bite the yak, but do no damage.
The yak is almost dead.
The yak gores you!
* * * LOW HITPOINT WARNING * * *
The yak barely misses you. x2; The yak gores you!!
* * * LOW HITPOINT WARNING * * *
The yak gores you.
You die...

#......<..##........≈≈
#..PPP....#........≈≈≈
#..P∩.....#...........
.#!#..P.P....#...........
....................#####
.#.#.#...###.#.##...# #
#.#.......#.###..# #
#########†###..#
#hY@........##.#
#.YY......#.##..
...5#########.##..# #....
# ... #... #.# #... #..
#..


You could see 3 yaks, a black bear and a crimson imp.

Vanquished Creatures
  A yak (D:10)
  Eustachio (D:4)
  A water moccasin (D:4)
  A black bear (D:5)
  2 ice beasts (D:6)
  An ogre (D:3)
  A centaur (D:7)
  2 bullfrogs
  A scorpion (D:5)
  A water moccasin skeleton (D:8)
  7 wights
  A crimson imp (D:5)
  A jelly (D:8)
  2 bullfrog skeletons (D:5)
  Jessica (D:2)
  An iguana (D:4)
  3 orc wizards (D:4)
  4 worker ants
  A hound zombie (D:8)
  A howler monkey zombie (D:7)
  A worker ant zombie (D:5)
  9 adders
  A shadow imp (D:5)
  An ooze (D:3)
  2 adder zombies
  A worm (D:3)
  3 dart slugs
  6 leopard geckos
  8 orcs
  3 giant cockroaches
  3 goblins
  4 hobgoblins
  8 jackals
  5 quokkas
  A ball python (D:3)
  3 bats (D:3)
  A giant cockroach zombie (D:5)
  4 kobolds
  A leopard gecko zombie (D:5)
  5 rats
104 creatures vanquished.

Notes
Turn   | Place    | Note
-------+----------+-------------------------------------------
     0 | D:1      | tidbits the Gnoll Earth Elementalist began the quest for the Orb.
     0 | D:1      | Reached XP level 1. HP: 13/13 MP: 6/6
    70 | D:1      | Reached skill level 2 in Transmutations
    71 | D:1      | Reached XP level 2. HP: 19/19 MP: 4/7
    77 | D:1      | Learned a level 2 spell: Passwall
   190 | D:2      | Found a snail-covered altar of Cheibriados.
   191 | D:2      | Noticed Jessica
   200 | D:2      | Killed Jessica
   200 | D:2      | Reached skill level 5 in Spellcasting
   200 | D:2      | Reached skill level 1 in Invocations
   200 | D:2      | Reached XP level 3. HP: 12/25 MP: 1/9
   220 | D:2      | Became a worshipper of Cheibriados the Contemplative
   270 | D:3      | Reached skill level 1 in Fighting
   270 | D:3      | Reached skill level 1 in Short Blades
   270 | D:3      | Reached skill level 1 in Long Blades
   270 | D:3      | Reached skill level 1 in Axes
   270 | D:3      | Reached skill level 1 in Maces & Flails
   270 | D:3      | Reached skill level 1 in Polearms
   270 | D:3      | Reached skill level 1 in Staves
   270 | D:3      | Reached skill level 1 in Slings
   270 | D:3      | Reached skill level 1 in Bows
   270 | D:3      | Reached skill level 1 in Crossbows
   270 | D:3      | Reached skill level 1 in Throwing
   270 | D:3      | Reached skill level 1 in Armour
   270 | D:3      | Reached skill level 1 in Shields
   270 | D:3      | Reached skill level 1 in Unarmed Combat
   270 | D:3      | Reached skill level 1 in Evocations
   270 | D:3      | Reached XP level 4. HP: 24/32 MP: 2/11
   399 | D:3      | Found a sparkling altar of Nemelex Xobeh.
   467 | D:3      | Noticed an ogre
   479 | D:3      | Killed an ogre
   479 | D:3      | Reached skill level 1 in Conjurations
   479 | D:3      | Reached skill level 1 in Hexes
   479 | D:3      | Reached skill level 1 in Charms
   479 | D:3      | Reached skill level 1 in Summonings
   479 | D:3      | Reached skill level 1 in Necromancy
   479 | D:3      | Reached skill level 1 in Translocations
   479 | D:3      | Reached skill level 1 in Fire Magic
   479 | D:3      | Reached skill level 1 in Ice Magic
   479 | D:3      | Reached skill level 1 in Air Magic
   479 | D:3      | Reached skill level 1 in Poison Magic
   479 | D:3      | Reached XP level 5. HP: 37/37 MP: 9/12
   510 | D:3      | Reached * piety under Cheibriados
   681 | D:4      | Noticed Eustachio
   702 | D:4      | Learned a level 3 spell: Stone Arrow
   707 | D:4      | Learned a level 4 spell: Petrify
   732 | D:4      | Killed Eustachio
   732 | D:4      | Reached skill level 2 in Fighting
   732 | D:4      | Reached skill level 2 in Short Blades
   732 | D:4      | Reached skill level 2 in Long Blades
   732 | D:4      | Reached skill level 2 in Axes
   732 | D:4      | Reached skill level 2 in Maces & Flails
   732 | D:4      | Reached skill level 2 in Polearms
   732 | D:4      | Reached skill level 2 in Staves
   732 | D:4      | Reached skill level 2 in Slings
   732 | D:4      | Reached skill level 2 in Bows
   732 | D:4      | Reached skill level 2 in Crossbows
   732 | D:4      | Reached skill level 2 in Throwing
   732 | D:4      | Reached skill level 2 in Armour
   732 | D:4      | Reached skill level 5 in Dodging
   732 | D:4      | Reached skill level 2 in Shields
   732 | D:4      | Reached skill level 2 in Unarmed Combat
   732 | D:4      | Reached skill level 2 in Invocations
   732 | D:4      | Reached skill level 2 in Evocations
   732 | D:4      | Reached XP level 6. HP: 11/44 MP: 1/14
   803 | D:4      | Reached XP level 7. HP: 23/50 MP: 2/15
   804 | D:4      | Reached ** piety under Cheibriados
   853 | D:4      | Found Ruarr's Serpentskin Sales.
   868 | D:4      | Reached skill level 2 in Conjurations
   868 | D:4      | Reached skill level 2 in Hexes
   868 | D:4      | Reached skill level 2 in Charms
   868 | D:4      | Reached skill level 2 in Summonings
   868 | D:4      | Reached skill level 2 in Necromancy
   868 | D:4      | Reached skill level 2 in Translocations
   868 | D:4      | Reached skill level 2 in Fire Magic
   868 | D:4      | Reached skill level 2 in Ice Magic
   868 | D:4      | Reached skill level 2 in Air Magic
   868 | D:4      | Reached skill level 2 in Poison Magic
   870 | D:4      | HP: 5/51 [poisoned by an adder]
   874 | D:4      | Bought 3 curare-tipped needles for 18 gold pieces
   874 | D:4      | Bought a +0 blowgun for 25 gold pieces
   876 | D:4      | HP: 3/51 [poisoned by an adder]
   883 | D:4      | HP: 2/51 [poisoned by an adder]
   890 | D:4      | HP: 2/51 [poisoned by an adder]
   898 | D:4      | HP: 2/51 [poisoned by an adder]
   945 | D:4      | Learned a level 5 spell: Lee's Rapid Deconstruction
   982 | D:5      | Entered Level 5 of the Dungeon
  1036 | D:4      | Found a bloodstained altar of Trog.
  1075 | D:5      | Reached skill level 3 in Transmutations
  1258 | D:5      | Reached skill level 5 in Stealth
  1281 | D:5      | Reached skill level 3 in Invocations
  1313 | D:6      | Reached skill level 6 in Earth Magic
  1313 | D:6      | Reached XP level 8. HP: 57/57 MP: 16/16
  1339 | D:5      | Reached skill level 3 in Fighting
  1339 | D:5      | Reached skill level 3 in Short Blades
  1339 | D:5      | Reached skill level 3 in Long Blades
  1339 | D:5      | Reached skill level 3 in Axes
  1339 | D:5      | Reached skill level 3 in Maces & Flails
  1339 | D:5      | Reached skill level 3 in Polearms
  1339 | D:5      | Reached skill level 3 in Staves
  1339 | D:5      | Reached skill level 3 in Slings
  1339 | D:5      | Reached skill level 3 in Bows
  1339 | D:5      | Reached skill level 3 in Crossbows
  1339 | D:5      | Reached skill level 3 in Throwing
  1339 | D:5      | Reached skill level 3 in Armour
  1339 | D:5      | Reached skill level 3 in Shields
  1339 | D:5      | Reached skill level 3 in Unarmed Combat
  1339 | D:5      | Reached skill level 3 in Evocations
  1493 | D:6      | Reached skill level 6 in Spellcasting
  1529 | D:7      | Reached *** piety under Cheibriados
  1559 | D:7      | Found a white marble altar of Elyvilon.
  1627 | D:7      | Found a staircase to the Ecumenical Temple.
  1642 | D:7      | Reached skill level 3 in Conjurations
  1642 | D:7      | Reached skill level 3 in Hexes
  1642 | D:7      | Reached skill level 3 in Charms
  1642 | D:7      | Reached skill level 3 in Summonings
  1642 | D:7      | Reached skill level 3 in Necromancy
  1642 | D:7      | Reached skill level 3 in Translocations
  1642 | D:7      | Reached skill level 3 in Fire Magic
  1642 | D:7      | Reached skill level 3 in Ice Magic
  1642 | D:7      | Reached skill level 3 in Air Magic
  1642 | D:7      | Reached skill level 3 in Poison Magic
  1642 | D:7      | Reached skill level 4 in Invocations
  1687 | D:8      | Reached skill level 6 in Dodging
  1687 | D:8      | Reached XP level 9. HP: 38/65 MP: 15/18
  1749 | D:10     | Entered Level 10 of the Dungeon
  1749 | D:10     | Found Aguor's Assorted Antiques.
  1753 | D:10     | Bought a bubbling orange potion for 28 gold pieces
  1753 | D:10     | Bought a scroll labeled MIOMOMA WOUGU for 32 gold pieces
  1768 | D:10     | Gained mutation: Scrolls take you a little longer to read. [potion of mutation]
  1768 | D:10     | Gained mutation: Your mind is acute. (Int +2) [potion of mutation]
  1768 | D:10     | Gained mutation: You can translocate small distances at will. [potion of mutation]
  1808 | D:10     | HP: 1/65 [yak (18)]
  1808 | D:10     | Slain by a yak

Vault maps used:
D:1:      lemuel_arrival_room, serial_bayou_pond_d, minivault_19
D:2:      nicolae_overflow_crystal_walls, first_bread, uniq_jessica
D:3:      minmay_diamond_boxcup, nemelex_xobeh_ov_fountains_minmay,
          corexii_leaking_fountain
D:4:      lemuel_coloured_pillars_altar, minmay_overflow_temple_star_quad,
          guppyfry_shop_venom, uniq_eustachio
D:6:      gammafunk_temple_overflow_statue, uniq_edmund, uniq_blork_the_orc,
          uniq_duvessa, uniq_sigmund, uniq_crazy_yiuf_cottage
D:7:      lemuel_crystal_altar, lemuel_round_altar, kennysheep_mini, tso_altar,
          minmay_temple_entry_glassed_door, kennysheep_generic_room_4,
          uniq_joseph
D:8:      lair_entry_dummy, uniq_pikel
D:9:      lemuel_doored_altar
D:10:     orc_0_dummy, serial_shops, nicolae_shop_overgrown_old_shop,
          evilmike_minifort

Skill      XL: |  1  2  3  4  5  6  7  8 |
---------------+-------------------------+-----
Transmutations | 2 3 |  3.9
Spellcasting   | 5 6 |  6.4
Invocations    | 1 2 3 4 |  4.3
Fighting       | 1 2 3 |  3.9
Short Blades   | 1 2 3 |  3.9
Long Blades    | 1 2 3 |  3.9
Axes           | 1 2 3 |  3.9
Maces & Flails | 1 2 3 |  3.9
Polearms       | 1 2 3 |  3.9
Staves         | 1 2 3 |  3.9
Slings         | 1 2 3 |  3.9
Bows           | 1 2 3 |  3.9
Crossbows      | 1 2 3 |  3.9
Throwing       | 1 2 3 |  3.9
Armour         | 1 2 3 |  3.9
Shields        | 1 2 3 |  3.9
Unarmed Combat | 1 2 3 |  3.9
Evocations     | 1 2 3 |  3.9
Conjurations   | 1 2 3 |  3.2
Hexes          | 1 2 3 |  3.2
Charms         | 1 2 3 |  3.2
Summonings     | 1 2 3 |  3.2
Necromancy     | 1 2 3 |  3.2
Translocations | 1 2 3 |  3.2
Fire Magic     | 1 2 3 |  3.2
Ice Magic      | 1 2 3 |  3.2
Air Magic      | 1 2 3 |  3.2
Poison Magic   | 1 2 3 |  3.2
Dodging        | 5 6 |  6.1
Stealth        | 5 |  5.8
Earth Magic    | 6 |  6.4

Action                   |  1- 3 |  4- 6 |  7- 9 || total
-------------------------+-------+-------+-------++-------
Melee: Dagger            |     3 |    26 |     6 ||    35
       Bite              |       |     9 |    21 ||    30
       Falchion          |       |    16 |    68 ||    84
       Unarmed           |       |     4 |     6 ||    10
       Punch             |       |       |     1 ||     1
       Halberd           |       |       |    45 ||    45
 Fire: Blowgun           |       |       |     1 ||     1
 Cast: Sandblast         |    20 |    34 |    20 ||    74
       Passwall          |     3 |     2 |    10 ||    15
       Petrify           |       |     1 |       ||     1
       Stone Arrow       |       |     1 |    17 ||    18
       Lee's Rapid Decon |       |       |     5 ||     5
Invok: Bend Time         |       |       |     1 ||     1
  Use: Scroll            |     3 |     2 |     5 ||    10
       Potion            |       |     1 |     2 ||     3
 Stab: Sleeping          |     1 |     2 |    13 ||    16
       Petrified         |       |     5 |       ||     5
  Eat: Fruit             |       |     3 |     1 ||     4
       Royal jelly       |       |     1 |     2 ||     3
Armor: Robe              |     1 |    16 |     8 ||    25
       Skin              |       |     3 |     2 ||     5
Dodge: Dodged            |     9 |    80 |   141 ||   230
       Rpst.: Falchion   |       |     6 |    27 ||    33

Table legend:
 A = Spawn XP
 B = Non-spawn XP
 C = Spawn XP percentage of total XP
 D = Spawn monster count
 E = Non-spawn monster count
 F = Spawn count percentage of total count
 G = Total turns spent on level
                    A         B        C        D         E        F      G
               +---------+---------+-------+---------+---------+-------+---------
         Total |       0 |    2736 |   0.0 |       0 |     104 |   0.0 |  1808
               +---------+---------+-------+---------+---------+-------+---------
           D:1 |       0 |      16 |   0.0 |       0 |       8 |   0.0 |   165
           D:2 |       0 |      57 |   0.0 |       0 |       6 |   0.0 |   127
           D:3 |       0 |     193 |   0.0 |       0 |      25 |   0.0 |   384
           D:4 |       0 |     574 |   0.0 |       0 |      16 |   0.0 |   359
           D:5 |       0 |     508 |   0.0 |       0 |      18 |   0.0 |   387
           D:6 |       0 |     429 |   0.0 |       0 |       7 |   0.0 |    90
           D:7 |       0 |     476 |   0.0 |       0 |      11 |   0.0 |   163
           D:8 |       0 |     242 |   0.0 |       0 |       7 |   0.0 |    48
           D:9 |       0 |      13 |   0.0 |       0 |       1 |   0.0 |    26
          D:10 |       0 |     228 |   0.0 |       0 |       5 |   0.0 |    59
               +---------+---------+-------+---------+---------+-------+---------

Table legend:
 A = Turns spent in this place as a percentage of turns spent in the entire game.
 B = Non-inter-level travel turns spent in this place as a percentage of non-inter-level travel turns spent in the entire game.
 C = Inter-level travel turns spent in this place as a percentage of turns spent in this place.
 D = Turns resting spent in this place as a percentage of non-inter-level travel turns spent in this place.
 E = Turns spent auto-exploring this place as a percentage of non-inter-level travel turns spent in this place.
 F = Non-inter-level travel turns spent in this place divided by the number of levels of this place that you've seen.
                   A       B       C       D       E      F
               +-------+-------+-------+-------+-------+----------------------
         Total | 100.0 | 100.0 |   0.0 |   0.0 |   0.0 | 180.8
       Dungeon | 100.0 | 100.0 |   0.0 |   0.0 |   0.0 | 180.8
               +-------+-------+-------+-------+-------+----------------------

Table legend:
 A = Kills in this place as a percentage of kills in entire the game.
 B = Kills by you in this place as a percentage of kills by you in the entire game.
 C = Kills by friends in this place as a percentage of kills by friends in the entire game.
 D = Other kills in this place as a percentage of other kills in the entire game.
 E = Experience gained in this place as a percentage of experience gained in the entire game.
 F = Experience gained in this place divided by the number of levels of this place that you have seen.
                   A       B       C       D       E      F
               +-------+-------+-------+-------+-------+----------------------
         Total | 100.0 | 100.0 |   N/A |   N/A | 100.0 | 273.6
       Dungeon | 100.0 | 100.0 |   N/A |   N/A | 100.0 | 273.6
               +-------+-------+-------+-------+-------+----------------------

Vault maps used:
D:1:      lemuel_arrival_room, serial_bayou_pond_d, minivault_19
D:2:      nicolae_overflow_crystal_walls, first_bread, uniq_jessica
D:3:      minmay_diamond_boxcup, nemelex_xobeh_ov_fountains_minmay,
          corexii_leaking_fountain
D:4:      lemuel_coloured_pillars_altar, minmay_overflow_temple_star_quad,
          guppyfry_shop_venom, uniq_eustachio
D:6:      gammafunk_temple_overflow_statue, uniq_edmund, uniq_blork_the_orc,
          uniq_duvessa, uniq_sigmund, uniq_crazy_yiuf_cottage
D:7:      lemuel_crystal_altar, lemuel_round_altar, kennysheep_mini, tso_altar,
          minmay_temple_entry_glassed_door, kennysheep_generic_room_4,
          uniq_joseph
D:8:      lair_entry_dummy, uniq_pikel
D:9:      lemuel_doored_altar
D:10:     orc_0_dummy, serial_shops, nicolae_shop_overgrown_old_shop,
          evilmike_minifort
